 Dungeon Crawl Stone Soup version 0.31-a0-1278-g11c5b68f87 (webtiles) character file.

Game seed: 16313829903442743356

497 experimilk the Gusty (level 6, -1/32 HPs)
             Began as a Deep Elf Air Elementalist on Dec 17, 2023.
             Slain by a troll zombie (4 damage)
             ... in an ossuary.
             The game lasted 00:08:12 (4264 turns).

experimilk the Gusty (Deep Elf Air Elementalist)    Turns: 4264, Time: 00:08:13

Health: -1/32      AC:  5    Str:  5    XL:     6   Next: 93%
Magic:  5/12       EV: 17    Int: 22    God:
Gold:   205        SH:  0    Dex: 15    Spells: 1/11 levels left

rFire   . . .        c - +0 dagger
rCold   . . .        (no shield)
rNeg    . . .        a - +0 robe
rPois   .            (no helmet)
rElec   .            (no cloak)
rCorr   .            (no gloves)
SInv    .            p - +2 pair of boots
Will    .....        (no amulet)
Stlth   ++           o - +5 ring of evasion
HPRegen 0.25/turn    j - ring of flight
MPRegen 0.13/turn

%: no passive effects
@: swift, flying, quick
A: no striking features
a: no special abilities


You were in an ossuary.
You visited 1 branch of the dungeon, and saw 4 of its levels.
You also visited: Ossuary.

You collected 205 gold pieces.

Inventory:

Hand Weapons
 c - a +0 dagger (weapon)
Armour
 a - a +0 robe (worn)
 p - a +2 pair of boots (worn)
Jewellery
 j - a ring of flight (right hand)
 o - a +5 ring of evasion (left hand)
Scrolls
 d - a scroll of blinking {unknown}
 e - a scroll of noise {unknown}
 f - 2 scrolls of teleportation {unknown}
 h - a scroll of torment {unknown}
 k - a scroll of enchant armour {unknown}
 l - a scroll of vulnerability {unknown}
Potions
 g - a potion of lignification {unknown}
 i - 2 potions of resistance {unknown}
 m - 2 potions of might {unknown}
 n - a potion of curing {unknown}


   Skills:
 - Level 2.4 Dodging
 - Level 2.4 Stealth
 - Level 3.0 Spellcasting
 - Level 5.0 Conjurations
 * Level 6.4 Air Magic


You had one spell level left.
You knew the following spells:

 Your Spells              Type           Power      Damage    Failure   Level
a - Shock                 Conj/Air       100%       1d9       1%          1
c - Airstrike             Air            15%        2d(3-19)  9%          4
r - Swiftness             Air            31%        N/A       2%          3
x - Static Discharge      Conj/Air       56%        3-6/arc   1%          2

Your spell library contained the following spells:

 Spells                   Type           Power      Damage    Failure   Level


Dungeon Overview and Level Annotations

Branches:
Dungeon (6/15)            Ossuary (1/1)
 Temple: D:4-7

Altars:
Uskayaw


Message History

You destroy the mummy!
You start resting.
Magic restored.
You start resting.
HP restored.
You start waiting.
Done waiting.
Found three items.
There is an open door here.
There is a click, and some walls slide away!
A troll zombie comes into view.
A centaur zombie comes into view.
Unknown command.
The troll zombie bites you. The troll zombie claws you.
The troll zombie closely misses you.
Casting: Static Discharge (safe; 1% risk of failure)
Confirm with . or Enter, or press ? or * to list all spells.
The troll zombie is struck by an arc of lightning.
The troll zombie is lightly damaged.
You are struck by an arc of lightning.
The troll zombie is struck by an arc of lightning.
The troll zombie is lightly damaged.
The lightning grounds out.
The troll zombie bites you! The troll zombie closely misses you.
The troll zombie claws you.
* * * LOW HITPOINT WARNING * * *
Unknown command.
Casting: Static Discharge (safe; 1% risk of failure)
Confirm with . or Enter, or press ? or * to list all spells.
The troll zombie is struck by an arc of lightning.
The troll zombie is lightly damaged.
You are struck by an arc of lightning.
* * * LOW HITPOINT WARNING * * *
The lightning grounds out.
Casting: Static Discharge (safe; 1% risk of failure)
Confirm with . or Enter, or press ? or * to list all spells.
Okay, then.
Casting: Static Discharge (safe; 1% risk of failure)
Confirm with . or Enter, or press ? or * to list all spells.
You feel quick. The troll zombie bites you.
You die...

#..'.####......#....######.
#..###..............#....##
#..#.#..............#....#.
#..#.'........!!?...#....#.
#..'.#.......??$!?..#....'.
#..########..?$∩$!..#######
#..#.'....'..!!$??.. #.
#..#.#........!!!... +.
#..'.#....@......... #.
#..###.....Z........ ##
#..#.####......#.... #.
#..#.# .......#Z... #.
#..'.# ...#....# ... #.
#..###....#....# .. ##
#..#.+....#....# +.
#..#.########+##+#########.
#..#...#...#...#...#...#...


You could see a troll zombie.

Vanquished Creatures
  Menkaure (Ossuary)
  A scorpion (D:3)
  3 centaur zombies (Ossuary)
  A hound (D:6)
  6 mummies (Ossuary)
  2 adders (D:2)
  A shadow imp (D:6)
  2 adder zombies (Ossuary)
  3 worms (D:2)
  2 dart slugs
  An orc (D:6)
  4 endoplasms
  A giant cockroach (D:2)
  A gnoll zombie (Ossuary)
  5 goblins
  3 hobgoblins
  4 jackals (D:1)
  2 quokkas (D:1)
  3 ball pythons (D:1)
  4 bats (D:1)
  2 frilled lizards (D:1)
  2 goblin zombies (Ossuary)
  4 hobgoblin zombies (Ossuary)
  5 kobolds
  4 kobold zombies (Ossuary)
  An orc zombie (Ossuary)
  8 quokka zombies (Ossuary)
  3 rats
  3 rat zombies (Ossuary)
82 creatures vanquished.

Notes
Turn   | Place    | Note
-------+----------+-------------------------------------------
     0 | D:1      | experimilk the Deep Elf Air Elementalist began the quest
                  | for the Orb.
     0 | D:1      | Reached XP level 1. HP: 10/10 MP: 6/6
   204 | D:1      | Reached XP level 2. HP: 15/15 MP: 2/8
   824 | D:2      | Reached XP level 3. HP: 19/19 MP: 6/9
   866 | D:2      | Learned a level 2 spell: Static Discharge
   870 | D:2      | Learned a level 3 spell: Swiftness
  1202 | D:2      | Found a hide-covered altar of Uskayaw.
  1341 | D:2      | Reached skill level 4 in Air Magic
  1584 | D:2      | Reached XP level 4. HP: 24/24 MP: 5/10
  1931 | D:3      | Noticed a scorpion
  1953 | D:3      | Killed a scorpion
  2222 | D:3      | You fall into a shaft and drop 3 floors!
  2246 | D:6      | Noticed a black bear
  2343 | D:6      | Reached XP level 5. HP: 19/28 MP: 5/11
  2473 | D:6      | Found a sand-covered staircase.
  2482 | Ossuary  | Entered an ossuary
  2491 | Ossuary  | Learned a level 4 spell: Airstrike
  3306 | Ossuary  | Reached skill level 5 in Air Magic
  3865 | Ossuary  | Reached skill level 5 in Conjurations
  3865 | Ossuary  | Reached XP level 6. HP: 23/32 MP: 1/12
  4067 | Ossuary  | Noticed Menkaure
  4079 | Ossuary  | Killed Menkaure
  4080 | Ossuary  | Reached skill level 6 in Air Magic
  4264 | Ossuary  | Slain by a troll zombie

Illustrated notes

Levels and vault maps discovered:
D:1:      sevenhm_arrival_forest_fort_small_3, layout_rooms
D:2:      layout_loops_ring, basic_altar, chequers_serial_rivers_micro_d,
          minmay_fountain_box
D:3:      layout_basic
D:6:      layout_cave_pods, lemuel_doored_altar,
          mainiacjoe_ossuary_entry_dusty_tomb
Ossuary:  ossuary_boxes_badplayer

Skill      XL: |  1  2  3  4  5  6 |
---------------+-------------------+-----
Conjurations   | 2 3 4 5 |  5.0
Air Magic      | 4 5 6 |  6.4
Dodging        | |  2.4
Stealth        | |  2.4
Spellcasting   | |  3.0

Action                     |  1- 3 |  4- 6 || total
---------------------------+-------+-------++-------
  Melee: Dagger            |     2 |       ||     2
   Cast: Shock             |    79 |    32 ||   111
         Static Discharge  |     3 |    62 ||    65
         Swiftness         |       |     1 ||     1
    Use: Potion            |       |     1 ||     1
 Armour: Robe              |     5 |    91 ||    96
  Dodge: Dodged            |     2 |    44 ||    46

Table legend: (Time is in decaauts)
 A = Elapsed time spent in this place.
 B = Non-inter-level travel time spent in this place.
 C = Inter-level travel time spent in this place.
 D = Time resting spent in this place.
 E = Time spent auto-exploring this place.
 F = Levels seen in this place.
 G = Mean time per level.
                   A        B        C        D        E       F      G
               +--------+--------+--------+--------+--------+-----+--------+
         Total |   4261 |   4218 |     43 |   1469 |   1920 |   5 |  852.2 |
       Dungeon |   2479 |   2436 |     43 |    203 |   1804 |   4 |  619.8 |
       Ossuary |   1781 |   1781 |      0 |   1266 |    116 |   1 | 1781.0 |
               +--------+--------+--------+--------+--------+-----+--------+

Top non-repeatable levels by time:
 Ossuary: 1781 daAuts
     D:2: 1051 daAuts
     D:1: 820 daAuts
     D:3: 348 daAuts
     D:6: 258 daAuts
